 Dungeon Crawl Stone Soup version 0.30-a0-52-g86a8295270 (webtiles) character file.

Game seed: 14348656172368546777

56 QueenGhuleh the Poker (level 3, -1/33 HPs)
             Began as a Minotaur Berserker on Sept 6, 2022.
             Was a Believer of Trog.
             Shot with a sling bullet by a goblin (4 damage)
             ... on level 3 of the Dungeon.
             The game lasted 00:04:11 (1714 turns).

QueenGhuleh the Poker (Minotaur Berserker)          Turns: 1714, Time: 00:04:11

Health: -1/33      AC:  5    Str: 23    XL:     3   Next: 71%
Magic:  2/2        EV: 11    Int:  4    God:    Trog [**....]
Gold:   73         SH:  0    Dex:  9    Spells: 2/2 levels left

rFire   . . .      SeeInvis .    i - +0 hand axe
rCold   . . .      Faith    .    (no shield)
rNeg    . . .      Spirit   .    c - +0 ring mail
rPois   .          Reflect  .    (helmet restricted)
rElec   .          Harm     .    (no cloak)
rCorr   .          Rampage  .    (no gloves)
Will    .....                    (no boots)
Stlth   +.........               (no amulet)
HPRegen 0.11/turn                (no ring)
MPRegen 0.08/turn                (no ring)

@: on berserk cooldown, slowed, very slow
A: horns 2, retaliatory headbutt
a: Renounce Religion, Berserk, Trog's Hand


You were on level 3 of the Dungeon.
You worshipped Trog.
Trog was pleased with you.
You visited 1 branch of the dungeon, and saw 3 of its levels.

You collected 73 gold pieces.

Inventory:

Hand Weapons
 i - a +0 hand axe (weapon)
Armour
 c - a +0 ring mail (worn)
Scrolls
 a - a scroll of poison {unknown}
 b - 2 scrolls of enchant armour {unknown}
 d - a scroll of blinking {unknown}
 e - a scroll of enchant weapon {unknown}
 h - a scroll of identify {unknown}
 j - a scroll of fear {unknown}
Potions
 f - a potion of resistance {unknown}
 g - a potion of brilliance {unknown}
 k - a potion of mutation {unknown}


   Skills:
 + Level 4.2 Fighting
 + Level 4.4 Polearms
 + Level 2.8 Armour
 + Level 2.7 Dodging
 + Level 0.7 Stealth


You had 2 spell levels left.
You didn't know any spells.
Your spell library was empty.

Dungeon Overview and Level Annotations

Branches:
Dungeon (3/15)

Altars:


Innate Abilities, Weirdness & Mutations

You have a pair of horns on your head.
You reflexively headbutt those who attack you in melee.


Message History

Unknown command.
You hit the adder. Your headbutt misses the adder.
The adder is almost dead.
You barely miss the frilled lizard.
The goblin shoots a sling bullet.
The sling bullet hits you. The frilled lizard closely misses you.
The adder completely misses you.
You closely miss the adder.
The adder is almost dead.
You hit the frilled lizard.
You kill the frilled lizard!
Trog accepts your kill.
You feel sick.
The goblin shoots a sling bullet.
The sling bullet completely misses you.
The goblin shoots a sling bullet.
The sling bullet barely misses you.
You miss the adder.
The adder is almost dead.
You feel sick. The adder barely misses you.
The goblin shoots a sling bullet.
The sling bullet hits you.
The goblin shoots a sling bullet.
The sling bullet barely misses you.
You slash the adder!
You kill the adder!
Trog accepts your kill.
You feel sick.
The goblin shoots a sling bullet.
The sling bullet barely misses you.
The goblin shoots a sling bullet.
The sling bullet hits you but does no damage.
You feel a strong urge to attack something.
You feel sick.
You are no longer poisoned.
The goblin shoots a sling bullet.
The sling bullet hits you.
* * * LOW HITPOINT WARNING * * *
You are no longer berserk.
You are exhausted.
You feel yourself slow down.
The goblin shoots a sling bullet.
The sling bullet hits you.
* * * LOW HITPOINT WARNING * * *
The goblin shoots a sling bullet.
The sling bullet hits you.
* * * LOW HITPOINT WARNING * * *
The goblin shoots a sling bullet.
The sling bullet hits you.
You die...

≈≈..# #≈≈..# #≈≈..#
#≈≈..# # #≈≈g.##+##
...#### #≈≈h.....#
.......####≈≈≈g....#
#.@...#≈≈≈≈≈≈≈#
#####..<≈≈≈≈≈≈#
#####.##≈≈≈ .. ...
###


You could see a goblin.

Vanquished Creatures
  2 adders
  2 dart slugs
  A ball python (D:1)
  3 bats
  3 endoplasms
  A giant cockroach (D:2)
  5 goblins (D:2)
  3 hobgoblins
  2 jackals (D:1)
  3 quokkas (D:1)
  4 frilled lizards
  2 kobolds
  2 rats
33 creatures vanquished.

Notes
Turn   | Place    | Note
-------+----------+-------------------------------------------
     0 | D:1      | QueenGhuleh the Minotaur Berserker began the quest for the
                  | Orb.
     0 | D:1      | Reached XP level 1. HP: 19/19 MP: 0/0
   375 | D:1      | Found a faded altar of an unknown god.
   485 | D:1      | Reached XP level 2. HP: 27/27 MP: 1/1
   957 | D:2      | Reached ** piety under Trog
   958 | D:2      | Reached XP level 3. HP: 25/33 MP: 2/2
  1714 | D:3      | Shot with a sling bullet by a goblin

Illustrated notes

Levels and vault maps discovered:
D:1:      reono_arrival_forest_river, layout_loops_corners,
          shapermc_ecumenical_altar_flowoftime
D:2:      layout_basic
D:3:      kennysheep_goblin_castle, layout_rooms, nicolae_uskayaw_dance_hall

Skill      XL: |  1  2 |
---------------+-------+-----
Fighting       | 4 |  4.2
Polearms       | 4 |  4.4
Armour         | |  2.8
Dodging        | |  2.7
Stealth        | |  0.7

Action                   || total
-------------------------++-------
Melee: Spear             ||    65
       Headbutt          ||     6
       Hand axe          ||    21
Invok: Berserk           ||     1
Armor: Ring mail         ||    25
Dodge: Dodged            ||    46

Table legend: (Time is in decaauts)
 A = Elapsed time spent in this place.
 B = Non-inter-level travel time spent in this place.
 C = Inter-level travel time spent in this place.
 D = Time resting spent in this place.
 E = Time spent auto-exploring this place.
 F = Levels seen in this place.
 G = Mean time per level.
                   A        B        C        D        E       F      G
               +--------+--------+--------+--------+--------+-----+--------+
         Total |   1715 |   1664 |     51 |      0 |   1466 |   3 |  571.7 |
       Dungeon |   1715 |   1664 |     51 |      0 |   1466 |   3 |  571.7 |
               +--------+--------+--------+--------+--------+-----+--------+

Top non-repeatable levels by time:
     D:1: 850 daAuts
     D:2: 849 daAuts
     D:3: 15 daAuts
